 Dungeon Crawl Stone Soup version 0.31-a0-636-ge1c0e020e0 (webtiles) character file.

Game seed: 14091475776382471882

646 dialectric the Ruffian (level 7, 0/36 HPs)
             Began as a Vine Stalker Shapeshifter on Aug 27, 2023.
             Was an Initiate of Trog.
             Killed from afar by Pikel (11 damage)
             ... with a bolt of dispelling energy
             ... on level 4 of the Dungeon.
             The game lasted 00:05:29 (4142 turns).

dialectric the Ruffian (Vine Stalker Shapeshifter)  Turns: 4142, Time: 00:05:30

Health: 0/36       AC:  3    Str: 23    XL:     7   Next: 52%
Magic:  0/17       EV: 12    Int: 10    God:    Trog [......]
Gold:   310        SH:  0    Dex: 15    Spells: 6/6 levels left

rFire   . .          .
                       - Unarmed
rCold   . . .        (no shield)
rNeg    . . .        k - +0 leather armour of Owoxaale {MP+9}
rPois   .            (helmet currently unavailable)
rElec   .            (cloak currently unavailable)
rCorr   .            (gloves currently unavailable)
SInv    .            (boots currently unavailable)
Will    .....        (no amulet)
Stlth   ++           y - +6 ring of strength
HPRegen 1.06/turn    (no ring)
MPRegen 0.15/turn

%: guardian spirit
@: beast-form
A: beast (slay +1), fangs 2, regeneration 1, magic shield, antimagic bite, no
potion heal 2
a: Begin Untransformation, Renounce Religion


You were on level 4 of the Dungeon.
You worshipped Trog.
Trog was noncommittal.
You were a hulking beast.
You visited 1 branch of the dungeon, and saw 4 of its levels.
You also visited: Sewer.

You collected 352 gold pieces.
You spent 42 gold pieces at shops.

Inventory:

Hand Weapons
 v - a +3 trident
Armour
 e - a +0 pair of gloves
 j - a +0 helmet
 k - the +0 leather armour of Owoxaale (worn) {MP+9}
   (You took it off a hobgoblin on level 2 of the Dungeon)

   MP+9:      It affects your magic capacity (+9).
 w - a +0 cloak
Jewellery
 y - a +6 ring of strength (left hand)
Talismans
 c - a beast talisman (active)
 d - a flux talisman
Wands
 m - a wand of roots (11)
 C - a wand of flame (12)
Scrolls
 a - a scroll of amnesia {unknown}
 g - 2 scrolls of poison {unknown}
 h - 3 scrolls of revelation
 i - 2 scrolls of enchant armour {unknown}
 n - 6 scrolls of identify {unknown}
 o - a scroll of fear {unknown}
 p - a scroll of blinking {unknown}
 r - a scroll of teleportation {unknown}
 u - 2 scrolls of noise {unknown}
 x - a scroll of fog {unknown}
 B - a scroll of immolation {unknown}
Potions
 b - 2 potions of lignification
 f - a potion of berserk rage {unknown}
 l - a potion of degeneration {unknown}
 q - a potion of heal wounds {unknown}
 s - 3 potions of curing
 t - a potion of enlightenment {unknown}
 z - a potion of resistance {unknown}
 A - a potion of attraction {unknown}
 D - a potion of might {unknown}


   Skills:
 * Level 3.2 Fighting
 * Level 3.0 Armour
 - Level 2.1 Dodging
 - Level 2.1 Stealth
 + Level 6.0 Unarmed Combat
 - Level 3.0 Shapeshifting


You had 6 spell levels left.
You didn't know any spells.
Your spell library contained the following spells:

 Spells                   Type           Power      Damage    Failure   Level
 Call Canine Familiar     Summ           0%         N/A       78%         3
 Portal Projectile        Hex/Tloc       0%         N/A       78%         3
 Leda's Liquefaction      Hex/Erth       0%         N/A       99%         4


Dungeon Overview and Level Annotations

Branches:
Dungeon (4/15)             Temple (0/1) D:4           Sewer (visited)

Altars:
Ashenzari
Trog
Vehumet

Shops:
D:1 ::[   D:4 !

Annotations:
D:4 Pikel


Innate Abilities, Weirdness & Mutations

You are a hulking beast.
Your limbs bulge with bestial killing power. (Slay +1)
You have extremely sharp teeth.
Your natural rate of healing is unusually fast.
When hurt, damage is shared between your health and your magic reserves.
Your bite disrupts and absorbs the magic of your enemies.
Potions cannot restore your health.


Message History

The lemure hits you!
You closely miss the lemure.
The lemure is moderately wounded.
The lemure barely misses you.
You barely miss the lemure.
The lemure is moderately wounded.
The lemure hits you but does no damage.
You hit the lemure. Your bite misses the lemure.
The lemure is heavily wounded.
You hit the lemure but do no damage.
The lemure is heavily wounded.
The lemure hits you. x2
The lemure shouts!
You hit the lemure. You bite the lemure. You drain its power.
You feel invigorated.
The lemure is severely wounded.
The lemure completely misses you. The lemure hits you.
You punch the lemure!
You kill the lemure!
That felt strangely unrewarding.
Pikel says, "I touched Geryon's horn once."
Pikel zaps a wand.
The bolt of dispelling energy hits you! The lemure hits you.
You are too injured to fight recklessly!
You are too injured to fight recklessly!
Unknown command.
There is an open door here.
You hit Pikel.
Pikel is lightly wounded.
Pikel hits you with a +0 whip of freezing!
Pikel freezes you.
You hit Pikel.
Pikel is lightly wounded.
Pikel hits you with a +0 whip of freezing.
Pikel freezes you.
* * * LOW HITPOINT WARNING * * *
You barely miss Pikel. Your bite misses Pikel.
Pikel is lightly wounded.
Pikel zaps a wand.
The bolt of dispelling energy hits you!
You die...
Pikel says, "See you in Hell!"

#.# #.# ####### #.)...#..#.#. #.#
#.# ##.._..## #)#...##.#.##
#r###'###.≈...≈.# #)######.....
#.#...)##.[≈[≈~.# #.#.# ###...
#K#.....#.[≈5≈..###.#.# #.##
#.#.K...##.≈[≈.##...#.# #.##
#.#....÷.###.####.###.# #.##
###.#.......##5##......(# #.#.
....#.........5Kh.#.##### ######.
....#..........#..#.# #....'.
....#..........####.# ###.##.
....#.<........####.# #.##.
....#..[.#.....'....# #.###
....#....#.....##############.###
...)######.....[)...........#....
.##.# #......###########.#####
.##.#######'#'#.#### #.#


You could see Pikel and 2 lemures.

Vanquished Creatures
  Sigmund (D:2)
  Menkaure (D:4)
  An ogre (D:4)
  2 lemures
  An orc wizard (D:4)
  Natasha (thrice) (D:4)
  7 adders
  4 worms
  6 orcs
  8 endoplasms
  6 giant cockroaches
  9 hobgoblins
  3 jackals (D:1)
  8 kobolds
  7 quokkas
  7 ball pythons
  6 bats
  5 frilled lizards
  18 goblins
  7 rats
110 creatures vanquished.

Vanquished Creatures (others)
  A quokka (D:4)
1 creature vanquished.

Grand Total: 111 creatures vanquished

Notes
Turn   | Place    | Note
-------+----------+-------------------------------------------
     0 | D:1      | dialectric the Vine Stalker Shapeshifter began the quest
                  | for the Orb.
     0 | D:1      | Reached XP level 1. HP: 9/9 MP: 2/2
    24 | D:1      | Reached skill level 1 in Fighting
    62 | D:1      | Reached XP level 2. HP: 14/14 MP: 3/3
   229 | D:1      | Found Quhexag's Antique Armour Emporium.
   279 | D:1      | Found Weq Dapi's Book Shop.
   352 | D:1      | Found Pyiqu's Book Boutique.
   359 | D:1      | Reached XP level 3. HP: 18/18 MP: 4/4
   783 | D:2      | Reached skill level 4 in Unarmed Combat
   863 | D:2      | Gained mutation: Your natural rate of healing is unusually
                  | fast. [Vine Stalker growth]
   863 | D:2      | Reached XP level 4. HP: 23/23 MP: 5/5
  1027 | D:2      | Reached skill level 1 in Stealth
  1086 | D:2      | Identified the +0 leather armour of Owoxaale {MP+9}
  1347 | D:2      | Noticed Sigmund
  1363 | D:2      | Killed Sigmund
  1364 | D:2      | Reached skill level 5 in Unarmed Combat
  1364 | D:2      | Reached XP level 5. HP: 4/27 MP: 2/6
  1484 | D:2      | Reached XP level 6. HP: 32/32 MP: 7/7
  1523 | D:2      | Identified the +1 helmet "Vonunyumn" {Dex+3}
  1860 | D:3      | Found a glowing drain.
  1879 | Sewer    | Entered a sewer
  2665 | D:3      | Reached skill level 1 in Armour
  3279 | D:4      | Noticed Menkaure
  3288 | D:4      | Killed Menkaure
  3289 | D:4      | Reached XP level 7. HP: 22/36 MP: 8/8
  3361 | D:4      | Found Yschuehu's Distillery.
  3399 | D:4      | Found a staircase to the Ecumenical Temple.
  3400 | D:4      | Bought a potion of curing for 42 gold pieces
  3506 | D:4      | Noticed Natasha
  3521 | D:4      | Killed Natasha
  3630 | D:4      | Noticed Natasha
  3633 | D:4      | Killed Natasha
  3761 | D:4      | Found a bloodstained altar of Trog.
  3763 | D:4      | Noticed Natasha
  3771 | D:4      | Killed Natasha
  3772 | D:4      | Reached skill level 6 in Unarmed Combat
  3806 | D:4      | Became a worshipper of Trog the Wrathful
  3839 | D:4      | Noticed Pikel
  3840 | D:4      | Found a radiant altar of Vehumet.
  4094 | D:4      | Found a broken altar of Ashenzari.
  4142 | D:4      | Killed from afar by Pikel

Illustrated notes

Levels and vault maps discovered:
D:1:      minmay_arrival_semitransparent, layout_basic, serial_shops,
          nicolae_square_shop, nicolae_shop_stone, shop, minivault_4
D:2:      layout_basic, chequers_serial_rivers_micro_c, minmay_strange_pillars,
          hex_large, uniq_sigmund
D:3:      layout_loops_ring, gup_sewer_entry_pipe,
          chequers_serial_rivers_micro_e,
          nicolae_concentric_dashed_squares_wild, chequers_big_river,
          chequers_mini_garden, minmay_gold_behind_fungi, minmay_misc_feat_iff,
          minmay_diced_spiral
D:4:      layout_basic, mainiacjoe_overflow_alcove_2, vehumet_altar_wand_db,
          trog_hazing_becter, minmay_temple_entry_statues_fountains,
          nicolae_stop_n_shop_1, nicolae_zen_rock_garden,
          minmay_misc_feat_roman, minmay_ogre_servants, uniq_menkaure,
          uniq_pikel, uniq_natasha

Skill      XL: |  1  2  3  4  5  6  7 |
---------------+----------------------+-----
Fighting       | 1 2 3 |  3.2
Unarmed Combat | 4 5 6 |  6.0
Stealth        | 2 |  2.1
Dodging        | 2 |  2.1
Armour         | 2 3 |  3.0
Shapeshifting  | |  3.0

Action                     |  1- 3 |  4- 6 |  7- 9 || total
---------------------------+-------+-------+-------++-------
  Melee: Unarmed           |    85 |   131 |    58 ||   274
         Bite              |    20 |    36 |    17 ||    73
         Punch             |     1 |     3 |     1 ||     5
    Use: Scroll            |       |     1 |       ||     1
   Stab: Sleeping          |     2 |     2 |       ||     4
 Armour: Animal skin       |    15 |       |       ||    15
         Leather armour    |       |    25 |    12 ||    37
  Dodge: Dodged            |    55 |    70 |    41 ||   166

Table legend: (Time is in decaauts)
 A = Elapsed time spent in this place.
 B = Non-inter-level travel time spent in this place.
 C = Inter-level travel time spent in this place.
 D = Time resting spent in this place.
 E = Time spent auto-exploring this place.
 F = Levels seen in this place.
 G = Mean time per level.
                   A        B        C        D        E       F      G
               +--------+--------+--------+--------+--------+-----+--------+
         Total |   4185 |   4028 |    157 |     21 |   3210 |   5 |  837.0 |
       Dungeon |   3886 |   3729 |    157 |     21 |   3004 |   4 |  971.5 |
         Sewer |    299 |    299 |      0 |      0 |    206 |   1 |  299.0 |
               +--------+--------+--------+--------+--------+-----+--------+

Top non-repeatable levels by time:
     D:2: 1241 daAuts
     D:4: 1068 daAuts
     D:3: 1013 daAuts
     D:1: 562 daAuts
   Sewer: 299 daAuts
